 Dungeon Crawl Stone Soup version 0.21-a0-525-ga34b322 (webtiles) character file.

9 Dawnplanks the Shield-Bearer (level 2, 28/29 HPs)
             Began as a Gnoll Fighter on Dec 7, 2017.
             Quit the game on level 1 of the Dungeon.
             The game lasted 00:00:17 (100 turns).

Dawnplanks the Shield-Bearer (Gnoll Fighter)         Turns: 100, Time: 00:00:17

Health: 28/29      AC:  7    Str: 18    XL:     2   Next: 16%
Magic:  2/2        EV:  8    Int: 10    God:
Gold:   16         SH: 10    Dex: 14    Spells: 1/1 levels left

rFire    . . .     SeeInvis .   a - +0 long sword
rCold    . . .     Gourm    .   c - +0 shield
rNeg     . . .     Faith    .   b - +0 scale mail
rPois    .         Spirit   .   (no helmet)
rElec    .         Reflect  .   (no cloak)
rCorr    .         Harm     .   (no gloves)
MR       .....                  (no boots)
Stlth    ..........             (no amulet)
HPRegen  0.09/turn              (no ring)
MPRegen  0.08/turn              (no ring)

@: no status effects
A: distributed training, fangs 1, strong nose
a: no special abilities


You were on level 1 of the Dungeon.
You were not hungry.

You visited 1 branch of the dungeon, and saw 1 of its levels.

You collected 16 gold pieces.

Inventory:

Hand Weapons
 a - a +0 long sword (weapon)
Armour
 b - a +0 scale mail (worn)
 c - a +0 shield (worn)
Scrolls
 e - a scroll of magic mapping {unknown}
Potions
 d - a potion of might
Comestibles
 f - 2 bread rations


   Skills:
 + Level 6.4 Fighting
 + Level 0.3 Short Blades
 + Level 4.4 Long Blades
 + Level 0.3 Axes
 + Level 0.3 Maces & Flails
 + Level 0.3 Polearms
 + Level 0.3 Staves
 + Level 0.3 Slings
 + Level 0.3 Bows
 + Level 0.3 Crossbows
 + Level 0.3 Throwing
 + Level 6.4 Armour
 + Level 0.3 Dodging
 + Level 0.3 Stealth
 + Level 6.4 Shields
 + Level 0.3 Unarmed Combat
 + Level 0.3 Spellcasting
 + Level 0.2 Conjurations
 + Level 0.2 Hexes
 + Level 0.2 Charms
 + Level 0.2 Summonings
 + Level 0.2 Necromancy
 + Level 0.2 Translocations
 + Level 0.2 Transmutations
 + Level 0.2 Fire Magic
 + Level 0.2 Ice Magic
 + Level 0.2 Air Magic
 + Level 0.2 Earth Magic
 + Level 0.2 Poison Magic
 + Level 0.4 Invocations
 + Level 0.3 Evocations


You had one spell level left.
You didn't know any spells.

Dungeon Overview and Level Annotations

Branches:
Dungeon (1/15)

Altars:


Innate Abilities, Weirdness & Mutations

Your experience applies equally to all skills.
You have very sharp teeth.
Your uncanny sense of smell can sniff out nearby items.


Message History

Things that are here:
a club; a dagger
Things that are here:
a club; a dagger You found a teleport trap!
HP restored.
You now have 16 gold pieces.
A hobgoblin comes into view. It is wielding a club.
The hobgoblin shouts!
A hobgoblin is nearby!
You hit the hobgoblin but do no damage.
You bite the hobgoblin, but do no damage.
The hobgoblin hits you with a club.
You hit the hobgoblin.
The hobgoblin is lightly wounded.
You block the hobgoblin's attack.
You slash the hobgoblin!
You kill the hobgoblin!
No target in view!
Are you sure you want to abandon this character and quit the game? (Confirm with "yes".)

..........# #.#.#
...8..8..8###...#
<.........+.....#
...8..8.(8###.#.# ∆
..........#...#.#
.8#.#######.###.# #
∆ #######.....# #.#
.# #...###.###.##.#
#.####.....?@).#
#......####.......#
#..................#
#.###########.......
# ##.# .......
####..##### ......#
............ .......
############ #######


There were no monsters in sight!

Vanquished Creatures
  A ball python (D:1)
  3 hobgoblins (D:1)
  2 jackals (D:1)
  A kobold (D:1)
  A rat (D:1)
8 creatures vanquished.

Notes
Turn   | Place    | Note
-------+----------+-------------------------------------------
     0 | D:1      | Dawnplanks the Gnoll Fighter began the quest for the Orb.
     0 | D:1      | Reached XP level 1. HP: 23/23 MP: 1/1
    58 | D:1      | Reached XP level 2. HP: 29/29 MP: 2/2
   100 | D:1      | Quit the game

Vault maps used:
D:1:      elethiomel_arrival_quiet, minmay_pentomino_r4

Action                   || total
-------------------------++-------
Melee: Long sword        ||    20
       Bite              ||     4
Armor: Scale mail        ||     4
Dodge: Dodged            ||     7
Block: Shield            ||    13
       Rpst.: Long sword ||     2

Table legend:
 A = Spawn XP
 B = Non-spawn XP
 C = Spawn XP percentage of total XP
 D = Spawn monster count
 E = Non-spawn monster count
 F = Spawn count percentage of total count
 G = Total turns spent on level
                    A         B        C        D         E        F      G
               +---------+---------+-------+---------+---------+-------+---------
         Total |       0 |      14 |   0.0 |       0 |       8 |   0.0 |   100
               +---------+---------+-------+---------+---------+-------+---------
           D:1 |       0 |      14 |   0.0 |       0 |       8 |   0.0 |   100
               +---------+---------+-------+---------+---------+-------+---------
